Map: Kairos Junction LE

Players

liquidthermy (uThermal)

  • Race: Terran Terran
  • Spawn Location: 11:00

HateMe - Winner!

  • Race: Zerg Zerg
  • Spawn Location: 5:00

Event: 2019 WCS Winter Europe

VOD

Have the link to the VOD?

Description

Time

  • Played on: Feb. 15, 2019, 10:29 a.m.
  • Length: 5:59

All games in this series

Show
View Real Time Build Order
Export as new Build Order

liquidthermy Terran 

Build Orders: Reaper Expand 

Get SALT Encoding   

  12  0:01  SCV  
  13  0:13  SCV  
  14  0:18  Supply Depot  
  14  0:25  SCV  
  15  0:40  SCV  
  15  0:41  Barracks  
  16  0:44  Refinery  
  16  0:52  SCV  
  17  1:04  SCV  
  18  1:16  SCV  
  19  1:28  Reaper, Orbital Command  
  20  1:40  Command Center  
  20  1:49  Supply Depot  
  20  1:54  SCV  
  21  2:00  Marine  
  22  2:06  SCV  
  23  2:08  Factory  
  23  2:13  Refinery  
  23  2:18  SCV  
  23  2:21  Barracks Reactor  
  24  2:30  SCV  
  25  2:42  SCV  
  26  2:53  Starport, Orbital Command  
  26  2:54  SCV  
  27  3:01  Hellion x2  
  27  3:04  Barracks Reactor  
  31  3:06  SCV  
  32  3:18  SCV x2  
  34  3:20  Barracks Tech Lab  
  34  3:29  Bunker  
  34  3:30  Viking  
  34  3:31  SCV  
  34  3:32  SCV  
  38  3:38  Bunker  
  38  3:41  Siege Tank  
  38  3:43  SCV  
  38  3:45  Marine  
  38  3:46  Marine  
  38  3:47  SCV, Supply Depot  
  44  3:56  SCV  
  44  3:59  SCV  
  45  4:03  Marine  
  45  4:05  Viking  
  45  4:08  SCV, Supply Depot  
  45  4:11  SCV  
  45  4:13  Siege Tank  
  45  4:14  Marine  
  50  4:20  SCV  
  50  4:21  Marine  
  50  4:23  SCV  
  39  4:32  SCV  
  39  4:35  SCV  
  41  4:46  SCV  
  41  4:51  Supply Depot  
  40  4:55  SCV  
  40  4:56  Marine  
  40  4:58  SCV  
  36  5:07  SCV  
  28  5:10  SCV  
  23  5:18  Barracks  
  23  5:19  SCV, Barracks  
  23  5:22  SCV  
  23  5:28  Bunker  
  22  5:31  SCV  
  22  5:34  SCV  
  22  5:35  Factory Tech Lab  
  21  5:43  SCV  
  21  5:46  SCV  
Show
View Real Time Build Order
Export as new Build Order

HateMe Zerg - Winner!

Build Orders: Hatch First, Roach Nydus 

Get SALT Encoding   

  12  0:00  Drone  
  13  0:12  Overlord  
  13  0:17  Drone  
  14  0:31  Drone x2  
  16  0:48  Hatchery  
  15  0:51  Drone  
  15  0:54  Drone  
  17  0:58  Drone  
  17  1:00  Extractor  
  17  1:13  Spawning Pool  
  17  1:17  Drone  
  17  1:21  Drone  
  18  1:28  Drone  
  19  1:38  Drone  
  20  1:49  Overlord  
  20  2:00  Lair, Queen  
  22  2:01  Zergling x2  
  22  2:03  Zergling x2  
  24  2:11  Drone x2  
  26  2:21  Drone  
  27  2:34  Extractor  
  25  2:39  Queen  
  27  2:45  Roach Warren, Drone x4  
  30  3:01  Nydus Network  
  29  3:12  Spore Crawler  
  29  3:20  Overlord  
  29  3:21  Overlord  
  29  3:26  Roach x3  
  35  3:37  Nydus Canal  
  35  3:39  Roach  
  35  3:40  Roach x2  
  41  3:43  Roach  
  41  3:44  Roach  
  43  3:55  Roach x2  
  42  4:10  Roach x2  
  42  4:27  Roach x2  
  42  4:29  Roach  
  44  4:39  Roach  
  46  4:49  Roach  
  46  4:50  Roach  
  50  4:58  Roach  
  50  5:03  Roach  
  48  5:10  Roach  
  42  5:17  Roach  
  44  5:23  Nydus Canal  
  44  5:36  Roach x2  
  49  5:43  Ravager  
Tags
 
Add a new tag
Caveats
  • Supply blocks, unpowered buildings, or Contaminate may cause inaccurate times.
  • Supply counts are checked every 10 seconds.